 Dungeon Crawl Stone Soup version 0.19-a0-1002-g674d22e (webtiles) character file.

168 mistymad the Skirmisher (level 5, -3/43 HPs)
             Began as a Formicid Abyssal Knight on July 19, 2016.
             Was a Believer of Lugonu.
             Killed by divine providence
             ... invoked by an orc priest
              (13 damage)
             ... on level 3 of the Dungeon.
             The game lasted 00:05:03 (2630 turns).

mistymad the Skirmisher (Formicid Abyssal Knight)   Turns: 2630, Time: 00:05:04

Health: -3/43      AC:  6    Str: 18    XL:     5   Next: 77%
Magic:  6/6        EV: 12    Int: 11    God:    Lugonu [**....]
Gold:   127        SH:  8    Dex: 15    Spells: 0 memorised, 4 levels left

rFire  . . .     SeeInvis +     a - +1 hand axe
rCold  . . .     Gourm    .     l - +0 scale mail
rNeg   . . .     Faith    .     m - +0 shield
rPois  +         Spirit   .     (helmet unavailable)
rElec  .         Dismiss  .     (no cloak)
rCorr  .         Reflect  .     (no gloves)
SustAt .         Harm     .     (no boots)
MR     .....                    (no amulet)
Stlth  +.........               (no ring)
                                k - ring of poison resistance

@: agile, not resistant to hostile enchantments, very unstealthy
A: permanent stasis, dig shafts and tunnels, four strong arms, antennae 3
a: Dig, Shaft Self, Depart the Abyss, Bend Space, Renounce Religion


You were on level 3 of the Dungeon.
You worshipped Lugonu.
Lugonu was pleased with you.
You were not hungry.

You visited 1 branch of the dungeon, and saw 3 of its levels.
You visited the Abyss 1 time.

You collected 127 gold pieces.

Inventory:

Hand Weapons
 a - a +1 hand axe (weapon)
Armour
 l - a +0 scale mail (worn)
 m - a +0 shield (worn)
Jewellery
 k - a ring of poison resistance (left hand)
Scrolls
 e - 3 scrolls of magic mapping {unknown}
 f - 2 scrolls of remove curse {unknown}
 j - 2 scrolls of identify {unknown}
 p - a scroll of noise {unknown}
 r - a scroll of enchant weapon {unknown}
 t - a scroll of random uselessness {unknown}
Potions
 b - a potion of degeneration {unknown}
 g - a potion of heal wounds {unknown}
 s - a potion of brilliance {unknown}
 v - a potion of ambrosia {unknown}
Comestibles
 c - 2 bread rations
 d - 3 beef jerkies
 h - 5 fruits
 n - 2 meat rations
 o - a chunk of flesh
 q - 2 royal jellies


   Skills:
 + Level 4.5 Fighting
 + Level 3.4 Axes
 + Level 3.4 Armour
 - Level 0.8 Dodging
 + Level 2.0 Shields
 - Level 2.1 Invocations


You had 4 spell levels left.
You didn't know any spells.

Dungeon Overview and Level Annotations

Branches:
Dungeon (3/15)

Altars:
Qazlal
Uskayaw


Innate Abilities, Weirdness & Mutations

You are under a permanent stasis effect.
You can dig through walls and to a lower floor.
Your four strong arms can wield two-handed weapons with a shield.
You have a pair of large antennae on your head. (SInv)


Message History

Your shield and scale mail prevent you from hitting the orc priest.
The orc priest is moderately wounded.
The orc priest invokes the aid of Beogh against you.
You struggle to resist.
You hit the orc priest.
The orc priest is heavily wounded.
The orc priest casts a cantrip, but nothing happens.
You slash the orc priest!
The orc priest is almost dead.
You block the orc priest's attack.
Your shield and scale mail prevent you from hitting the orc priest.
The orc priest is almost dead.
The orc priest hits you with a flail.
* * * LOW HITPOINT WARNING * * *
You take 2 damage, and have 10/43 hp.
You closely miss the orc priest.
The orc priest is almost dead.
The orc priest calls down the wrath of Beogh upon you.
Beogh smites you!
You die...

.o ## o# ..
.. ## #. #.
#.## #..###
#.#o## ..
#{{#@# #.
#.#### #.
#.# #. #.#
#.# #.#
###.#####.#
#.........#
#..#.######
#....#


You could see an orc priest.

Vanquished Creatures
  An orc priest (D:3)
  Robin (D:2)
  6 adders
  A worm (D:2)
  2 dart slugs
  An orc (D:3)
  A giant cockroach (D:2)
  11 goblins
  6 hobgoblins (D:2)
  6 jackals
  11 kobolds
  A quokka (D:2)
  9 bats
  5 giant newts
  7 rats
69 creatures vanquished.

Notes
Turn   | Place    | Note
-------+----------+-------------------------------------------
     0 | Abyss:1  | mistymad the Formicid Abyssal Knight began the quest for the Orb.
     0 | Abyss:1  | Reached XP level 1. HP: 18/18 MP: 2/2
    61 | Abyss:1  | Noticed an ice devil
   105 | D:1      | Escaped the Abyss
   298 | D:1      | Reached XP level 2. HP: 22/24 MP: 3/3
   317 | D:1      | Reached * piety under Lugonu
   529 | D:1      | Reached XP level 3. HP: 20/30 MP: 4/4
  1419 | D:2      | Found a stormy altar of Qazlal.
  1427 | D:2      | Reached skill level 4 in Fighting
  1445 | D:2      | Reached ** piety under Lugonu
  1474 | D:2      | Reached XP level 4. HP: 37/37 MP: 5/5
  1844 | D:2      | Noticed Robin
  1864 | D:2      | Killed Robin
  1864 | D:2      | Reached skill level 1 in Shields
  2237 | D:3      | Found a hide-covered altar of Uskayaw.
  2247 | D:3      | Reached XP level 5. HP: 37/42 MP: 6/6
  2630 | D:3      | Killed from afar by an orc priest

Vault maps used:
D:1:      wheals_arrival_shading, nrook_mini_backslash, hex_large
D:2:      overflow_temple_1_default, first_bread, minmay_domino_2, uniq_robin
D:3:      cheibriados_altar_1, eat_drink_and_be_merry_uskayaw
Abyss:1:  evilmike_abyss_exit_mutagenic

Skill      XL: |  1  2  3  4  5 |
---------------+----------------+-----
Fighting       | 4 |  4.5
Axes           | 3 |  3.4
Shields        | 1 2 |  2.0
Armour         | 3 |  3.4
Dodging        | |  0.8
Invocations    | |  2.1

Action                   |  1- 3 |  4- 6 || total
-------------------------+-------+-------++-------
Melee: Hand axe          |    96 |   152 ||   248
Invok: Depart the Abyss  |     1 |       ||     1
 Abil: Dig               |       |     2 ||     2
  Use: Scroll            |       |     1 ||     1
       Potion            |       |     1 ||     1
  Eat: Chunk             |     2 |     4 ||     6
Armor: Leather armour    |    12 |       ||    12
       Scale mail        |    28 |    47 ||    75
Dodge: Dodged            |    52 |    51 ||   103
Block: Shield            |     4 |    60 ||    64
